 Dungeon Crawl Stone Soup version 0.16.2-12-gd0ad4c3 (webtiles) character file.

12898 Peloso the Blocker (level 11, -11/101 HPs)
             Began as a Minotaur Fighter on Nov 7, 2015.
             Was a High Priest of Okawaru.
             Killed from afar by a lich (20 damage)
             ... with a crystal spear
             ... on level 1 of the Abyss.
             The game lasted 00:39:55 (11452 turns).

Peloso the Blocker (Minotaur Fighter)              Turns: 11452, Time: 00:39:55

Health: -11/101    AC: 18    Str: 22    XL:     11   Next: 68%
Magic:  10/10      EV:  5    Int:  5    God:    Okawaru [*****.]
Gold:   688        SH:  0    Dex: 12    Spells: 0 memorised, 10 levels left

rFire  x . .     SeeInvis .     K - +2 scimitar (flame)
rCold  + . .     Clarity  .     Y - +0 plate armour
rNeg   . . .     SustAb   .     c - +0 shield
rPois  .         Gourm    .     m - +1 hat
rElec  .         Spirit   .     G - +0 cloak
rCorr  +         Warding  .     F - +0 pair of gloves
rMut   .         Stasis   .     (no boots)
MR     .....                    Q - amulet of resist corrosion (curse)
Stlth  ..........               P - ring of ice
                                f - +3 ring of slaying

@: petrifying, slowed, very slow, not resistant to hostile enchantments,
extremely unstealthy
A: retaliatory headbutt, horns 2
a: Heroism, Finesse, Renounce Religion


You were on level 1 of the Abyss.
You worshipped Okawaru.
Okawaru was extremely pleased with you.
You were not hungry.

You visited 2 branches of the dungeon, and saw 12 of its levels.
You visited the Abyss 1 time.
You also visited: Sewer and Ossuary.

You collected 688 gold pieces.

Inventory:

Hand weapons
 a - a +1 long sword
 y - the +10 short sword of Rationality {flame, Noisy +Fly rC+ Int+4}
   (Okawaru gifted it to you on level 9 of the Dungeon)

   It has been specially enchanted to burn those struck by it, causing extra
   injury to most foes and up to half again as much damage against particularly
   susceptible opponents.
   It affects your intelligence (+4).
   It protects you from cold.
   It lets you fly.
   It may make noises in combat.
 K - a +2 scimitar of flaming (weapon)
Armour
 c - a +0 shield (worn)
 m - a +1 hat (worn)
 F - a +0 pair of gloves (worn)
 G - a +0 cloak (worn)
 M - a cursed steam dragon hide
 Y - a +0 plate armour (worn)
Jewellery
 f - a +3 ring of slaying (left hand)
 l - a +3 ring of evasion
 P - a ring of ice (right hand)
 Q - a cursed amulet of resist corrosion (around neck)
Magical devices
 b - a wand of slowing (30)
 v - a wand of heal wounds (0)
 w - a wand of cold (2)
 A - a wand of fireball (0)
 L - a wand of slowing (29)
 O - a wand of flame (15)
Scrolls
 h - a scroll of fog
 n - 2 scrolls of remove curse
 p - 5 scrolls of enchant armour
 H - a scroll of amnesia
 I - a scroll of recharging
 J - 2 scrolls of fear
 X - a scroll of brand weapon {unknown}
Potions
 e - 2 potions of might
 g - 3 potions of magic
 j - 2 potions of restore abilities
 o - 3 potions of haste
 q - 2 potions of berserk rage
 r - 3 potions of agility
 s - 2 potions of invisibility
 u - 8 potions of heal wounds
 x - a potion of ambrosia {unknown}
 E - 2 potions of poison {unknown}
 N - 3 potions of cancellation {unknown}
 R - a potion of degeneration {unknown}
 S - 2 potions of curing
 T - a potion of brilliance {unknown}
 U - a potion of resistance {unknown}
 V - a potion of mutation {unknown}
Books
 i - a book of Alchemy

   Spells                             Type                      Level
   a - Sublimation of Blood           Necromancy                   2
   b - Alistair's Intoxication        Transmutation/Poison         4
   c - Condensation Shield            Ice                          4
   d - Petrify                        Transmutation/Earth          4
   e - Ignite Poison                  Fire/Transmutation           5
   f - Irradiate                      Conjuration/Transmutation    5
 k - a book of Geomancy

   Spells                             Type                      Level
   a - Sandblast                      Earth                        1
   b - Stoneskin                      Transmutation/Earth          2
   c - Passwall                       Transmutation/Earth          3
   d - Stone Arrow                    Conjuration/Earth            3
   e - Petrify                        Transmutation/Earth          4
   f - Lee's Rapid Deconstruction     Earth                        5
 B - a book of the Dragon

   Spells                             Type                      Level
   a - Flight                         Charms/Air                   3
   b - Cause Fear                     Hexes                        4
   c - Bolt of Fire                   Conjuration/Fire             6
   d - Dragon Form                    Transmutation                7
   e - Dragon's Call                  Summoning                    9
 D - a book of the Warp

   Spells                             Type                      Level
   a - Recall                         Summoning/Translocation      3
   b - Control Teleport               Charms/Translocation         4
   c - Force Lance                    Conjuration/Translocation    4
   d - Phase Shift                    Translocation                5
   e - Warp Weapon                    Charms/Translocation         5
   f - Gell's Gravitas                Hexes/Translocation          5
   g - Summon Forest                  Summoning/Translocation      5
Comestibles
 d - 6 bread rations
 t - 10 beef jerkies
 z - 4 fruits
 C - 2 meat rations


   Skills:
 + Level 10.5 Fighting
 + Level 1.4(6.8) Short Blades
 + Level 11.3 Long Blades
 + Level 9.5 Armour
 + Level 6.9 Dodging
 + Level 1.3 Stealth
 + Level 11.7 Shields
 + Level 3.0 Invocations
 + Level 0.6 Evocations


You had 10 spell levels left.
You didn't know any spells.

Dungeon Overview and Level Annotations

Branches:
Dungeon (11/15)            Temple (1/1) D:5            Lair (0/8) D:8
    Orc: D:9-12

Altars:
Elyvilon
Fedhas
Nemelex Xobeh
Okawaru
Ru
Trog
Zin
The Shining One

Annotations:
D:11 Erolcha


Innate Abilities, Weirdness & Mutations

You reflexively headbutt those who attack you in melee.
You have a pair of horns on your head.


Message History

Okawaru accepts your kill. You block the ufetubus' attack. x2
The ufetubus barely misses you. You furiously retaliate!
You headbutt the ufetubus!
You kill the ufetubus!
Okawaru accepts your kill.
The lich points at you and mumbles some strange words.
You block the poison arrow. The lich casts a spell at you.
The crystal spear hits you!
Ouch! That really hurt!
* * * LOW HITPOINT WARNING * * *
The lich touches you but does no damage.
The lich gestures at you while chanting.
You are slowing down.
You hit the lich but do no damage.
The lich touches you but does no damage.
The lich gestures at you while chanting.
The crystal spear hits you!
You die...

.#.# ... ...##
#.#... ... . #
#.#.##.........##
#.#.##..## #.####
######......# . .
..
#.........####.
.. #........## #
..#.# #
..........##
##...##
.......L@..# #
.### .......###.#
# .# # .....
#.....# ###.#
..... #..#..... #
#### ##.. ..##
..# ... .⌠. #
.... ....


You could see a lich.

Vanquished Creatures
  A hydra (D:11)
  Erica (D:11)
  The ghost of Peloso the Carver, an experienced MiFi of Okawaru (D:8)
  A hill giant (D:10)
  Pikel (D:5)
  A cyclops (D:11)
  A centaur zombie (D:10)
  Maurice (D:10)
  Joseph (D:9)
  A centaur skeleton (D:10)
  A freezing wraith (Abyss:1)
  A two-headed ogre (D:10)
  A small abomination (Abyss:1)
  A basilisk (D:8)
  A ynoxinul (Abyss:1)
  A deep elf fighter (D:9)
  3 yaks (D:8)
  A hungry ghost (D:10)
  A steam dragon (D:10)
  Edmund (D:8)
  A water moccasin (D:8)
  Menkaure (D:5)
  A large abomination (Abyss:1)
  2 black bears
  4 orc warriors
  3 sky beasts
  A slave (D:5)
  5 ogres
  An ice beast (D:8)
  5 phantoms
  4 crocodiles
  Sigmund (D:5)
  3 big kobolds
  5 giant frogs
  2 gnoll sergeants
  A wyvern skeleton (D:8)
  4 scorpions
  A water moccasin skeleton (D:10)
  A vampire bat (D:3)
  23 killer bees
  4 goliath beetles
  A crimson imp (D:8)
  A quasit (Abyss:1)
  4 hounds
  3 orc priests
  A giant frog skeleton (D:5)
  An iguana (D:10)
  8 orc wizards
  10 worker ants
  12 sheep (D:8)
  A hound zombie (D:9)
  A hound skeleton (D:9)
  14 mummies
  A worker ant zombie (D:9)
  12 gnolls
  5 river rats
  14 adders
  2 shadow imps
  5 giant mites
  5 ufetubi (Abyss:1)
  3 worms
  3 fire bats (D:3)
  5 giant geckos
  An ooze (D:3)
  36 orcs
  2 spectral bats (D:3)
  A bat simulacrum (D:3)
  4 bat skeletons
  A bat zombie (D:3)
  6 giant cockroaches
  12 hobgoblins
  6 jackals (Sewer)
  35 kobolds
  4 quokkas
  6 ball pythons
  26 bats
  A giant gecko zombie (D:8)
  9 giant newts
  A gnoll skeleton (Ossuary)
  19 goblins
  5 goblin skeletons (Ossuary)
  A kobold skeleton (Ossuary)
  An orc skeleton (Ossuary)
  17 rats
  11 rat skeletons (Ossuary)
412 creatures vanquished.

Vanquished Creatures (others)
  A sky beast (D:7)
  A slave (D:5)
  An orc (D:6)
  A kobold (D:9)
  A giant spore (D:10)
  3 plants (D:8)
8 creatures vanquished.

Grand Total: 420 creatures vanquished

Notes
Turn   | Place    | Note
--------------------------------------------------------------
     0 | D:1      | Peloso, the Minotaur Fighter, began the quest for the Orb.
     0 | D:1      | Reached XP level 1. HP: 19/19 MP: 1/1
   326 | D:1      | Reached XP level 2. HP: 21/27 MP: 1/1
   329 | D:1      | Reached skill level 4 in Armour
  1016 | D:2      | Reached XP level 3. HP: 33/33 MP: 2/2
  1035 | D:2      | Found a sacrificial altar of Ru.
  1279 | D:2      | You fall through a shaft!
  1344 | D:3      | Reached skill level 1 in Dodging
  1423 | D:2      | Found a blossoming altar of Fedhas.
  1841 | D:3      | Reached XP level 4. HP: 38/40 MP: 2/2
  2257 | D:3      | Reached XP level 5. HP: 46/46 MP: 2/2
  2510 | D:3      | Reached XP level 6. HP: 53/53 MP: 3/3
  2734 | D:4      | Reached skill level 5 in Armour
  2734 | D:4      | Reached skill level 5 in Shields
  2757 | D:4      | Found a bloodstained altar of Trog.
  2849 | D:4      | Found a glowing golden altar of the Shining One.
  2914 | D:4      | Found a glowing drain.
  2922 | Sewer    | Entered a sewer
  3593 | D:4      | Found a white marble altar of Elyvilon.
  3856 | D:4      | Reached skill level 5 in Fighting
  4037 | D:5      | Entered Level 5 of the Dungeon
  4064 | D:4      | Reached XP level 7. HP: 31/61 MP: 3/3
  4321 | D:5      | Noticed Pikel
  4330 | D:5      | Found an iron altar of Okawaru.
  4333 | D:5      | Became a worshipper of Warmaster Okawaru
  4340 | D:5      | Killed Pikel
  4340 | D:5      | Acquired Okawaru's first power
  4340 | D:5      | Reached skill level 1 in Short Blades
  4340 | D:5      | Reached skill level 6 in Shields
  4340 | D:5      | Reached XP level 8. HP: 54/70 MP: 3/3
  4460 | D:5      | Noticed Menkaure
  4475 | D:5      | Reached skill level 5 in Dodging
  4482 | D:5      | Killed Menkaure
  4482 | D:5      | Reached skill level 5 in Long Blades
  4567 | D:5      | Found a staircase to the Ecumenical Temple.
  4637 | Temple   | Entered the Ecumenical Temple
  4672 | D:5      | Reached skill level 7 in Shields
  4948 | D:5      | Noticed Sigmund
  4956 | D:5      | Killed Sigmund
  5604 | D:6      | Reached skill level 8 in Shields
  5611 | D:6      | Reached XP level 9. HP: 31/78 MP: 4/4
  6426 | D:7      | Found a sparkling altar of Nemelex Xobeh.
  7182 | D:7      | Found a glowing silver altar of Zin.
  7209 | D:8      | Noticed Edmund
  7216 | D:8      | Killed Edmund
  7294 | D:8      | Found a staircase to the Lair.
  7308 | D:8      | Reached skill level 9 in Shields
  7325 | D:8      | Reached skill level 1 in Stealth
  7369 | D:8      | Reached skill level 1 in Invocations
  7494 | D:8      | Reached XP level 10. HP: 46/90 MP: 6/6
  7514 | D:8      | Noticed Peloso's ghost (experienced MiFi)
  7562 | D:8      | Killed Peloso's ghost
  7580 | D:8      | HP: 2/90 [shadow imp/nerve-wracking pain (14)]
  7680 | D:8      | Acquired Okawaru's second power
  7763 | D:8      | Reached skill level 10 in Shields
  7808 | D:8      | Found a sand-covered staircase.
  7816 | Ossuary  | Entered an ossuary
  8635 | D:9      | Noticed Joseph
  8868 | D:9      | Killed Joseph
  9042 | D:9      | Received a gift from Okawaru
  9053 | D:9      | Got an encrusted short sword {god gift}
  9055 | D:9      | Identified the +10 short sword of Rationality {flame, Noisy +Fly rC+ Int+4} (Okawaru gifted it to you on level 9 of the Dungeon)
  9104 | D:9      | Reached skill level 10 in Long Blades
  9790 | D:9      | Reached XP level 11. HP: 97/99 MP: 7/7
  9974 | D:10     | Entered Level 10 of the Dungeon
 10153 | D:10     | Reached skill level 11 in Shields
 10286 | D:10     | Noticed Maurice
 10295 | D:10     | Killed Maurice
 10295 | D:10     | Reached skill level 10 in Fighting
 10362 | D:10     | Noticed a hill giant
 10368 | D:10     | Killed a hill giant
 10413 | D:10     | Found Ivaalutan's Distillery.
 10887 | D:11     | Noticed a five-headed hydra
 10895 | D:11     | Killed a five-headed hydra
 10955 | D:11     | Received a gift from Okawaru
 10969 | D:11     | Noticed Erica
 10979 | D:11     | Killed Erica
 11236 | D:11     | Noticed Erolcha
 11246 | D:11     | Cast into the Abyss (Erolcha)
 11448 | Abyss:1  | Noticed a lich
 11452 | Abyss:1  | Killed from afar by a lich

Action                   |  1- 3 |  4- 6 |  7- 9 | 10-12 || total
-------------------------+-------+-------+-------+-------++-------
Melee: Long sword        |    89 |   180 |   371 |   490 ||  1130
       Short sword       |       |    21 |       |     5 ||    26
       Scimitar          |       |       |       |    42 ||    42
Invok: Heroism           |       |       |     4 |     5 ||     9
       Finesse           |       |       |       |     1 ||     1
Evoke: Wand              |       |       |       |     2 ||     2
  Use: Scroll            |       |     9 |     3 |    11 ||    23
       Potion            |       |       |       |     1 ||     1
  Eat: Chunk             |     1 |     8 |    11 |     8 ||    28
       Fruit             |     1 |       |       |     4 ||     5
       Pizza             |       |       |     1 |       ||     1
       Meat ration       |       |       |       |     1 ||     1
